 Dungeon Crawl Stone Soup version 0.23.0 (webtiles) character file.

Game seed: 5343288447996179812

1474 Lavandula the Digger (level 8, 0/43 HPs)
             Began as a Gargoyle Earth Elementalist on Feb 12, 2019.
             Was a Believer of Ru.
             Slain by an orc warrior
             ... wielding a +0 glaive
              (22 damage)
             ... on level 6 of the Dungeon.
             The game lasted 00:09:56 (2787 turns).

Lavandula the Digger (Gargoyle Earth Elementalist)  Turns: 2787, Time: 00:09:57

Health: 0/43       AC: 11    Str: 11    XL:     8   Next: 78%
Magic:  14/18      EV: 12    Int: 19    God:    Ru [**....]
Gold:   307        SH:  5    Dex: 10    Spells: 8/21 levels left

rFire    . . .     SeeInvis .   o - +3 quarterstaff (chaos)
rCold    . . .     Gourm    .   (shield currently unavailable)
rNeg     + . .     Faith    .   s - +0 robe (curse)
rPois    ∞         Spirit   .   x - +0 helmet
rElec    +         Reflect  +   y - +1 cloak
rCorr    .         Harm     .   (no gloves)
MR       .....                  e - +0 pair of boots
Stlth    +.........             i - +5 amulet of reflection
HPRegen  0.14/turn              a - ring of attention (curse)
MPRegen  0.16/turn              (no ring)

@: no status effects
A: negative energy resistance 1, electricity resistance, unbreathing,
petrification resistance, rot immunity, unskilled 1, AC +5
a: Renounce Religion


You were on level 6 of the Dungeon.
You worshipped Ru.
Ru was pleased with you.
You were not hungry.

You visited 1 branch of the dungeon, and saw 7 of its levels.
You also visited: Sewer.

You collected 307 gold pieces.

Inventory:

Hand Weapons
 o - a +3 quarterstaff of chaos (weapon)
 t - a +4 rapier of freezing
Missiles
 b - 66 stones (quivered)
Armour
 e - a +0 pair of boots (worn)
 s - a cursed +0 robe (worn)
 x - a +0 helmet (worn)
 y - a +1 cloak (worn)
Jewellery
 a - a cursed ring of attention (left hand)
 i - a +5 amulet of reflection (around neck)
Wands
 g - a wand of random effects (23)
Scrolls
 f - 3 scrolls of blinking
 l - a scroll of remove curse
 n - a scroll of amnesia {unknown}
 p - 2 scrolls of teleportation {unknown}
 q - a scroll of enchant armour {unknown}
 v - a scroll of random uselessness
Potions
 h - a potion of haste {unknown}
 j - 2 potions of might
 k - a potion of resistance {unknown}
 r - 2 potions of brilliance {unknown}
 u - a potion of invisibility {unknown}
 w - a potion of agility {unknown}
Comestibles
 d - 8 rations
 m - 2 chunks of flesh


   Skills:
 + Level 1.3 Fighting
 - Level 1.3 Dodging
 - Level 2.0 Stealth
 - Level 7.2 Spellcasting
   Level 0.6 Transmutations
 - Level 7.6 Earth Magic


You had 8 spell levels left.
You knew the following spells:

 Your Spells              Type           Power        Failure   Level  Hunger
a - Sandblast             Erth           #####.       1%          1    None
b - Stone Arrow           Conj/Erth      ###...       6%          3    #......
c - Lee's Rapid Deconstr  Erth           #####.....   12%         5    #####..
d - Summon Lightning Spi  Summ/Air       #.......     69%         4    ###....

Your spell library contained the following spells:

 Spells                   Type           Power        Failure   Level  Hunger
 Passwall                 Tmut/Erth      ###.....     2%          2    None
 Magic Dart               Conj           #...         10%         1    None
 Summon Small Mammal      Summ           #...         10%         1    None
 Blink                    Tloc           N/A          16%         2    None
 Call Imp                 Summ           #.......     16%         2    None
 Slow                     Hex            #.......     16%         2    None
 Petrify                  Tmut/Erth      ###.....     19%         4    ###....
 Call Canine Familiar     Summ           #.......     30%         3    #......
 Conjure Flame            Conj/Fire      #.......     30%         3    #......
 Mephitic Cloud           Conj/Pois/Air  #.......     30%         3    #......
 Summon Guardian Golem    Hex/Summ       #.......     30%         3    #......
 Summon Ice Beast         Ice/Summ       #.......     69%         4    ###....


Dungeon Overview and Level Annotations

Branches:
Dungeon (7/15)
 Temple: D:4-7

Altars:
Dithmenos
Elyvilon
Hepliaklqana
Ru
Yredelemnul
Zin
The Shining One


Innate Abilities, Weirdness & Mutations

You are resistant to torment.
Your stone body is resilient. (AC +5)
You are immune to poison.
You resist negative energy. (rN+)
You are resistant to electric shocks. (rElec)
You can survive without breathing.
You are immune to petrification.
You are immune to rotting.
You are somewhat unskilled. (-1 Apt)


Message History

You block the orc warrior's attack.
Casting: Sandblast (safe; 1% risk of failure)
Confirm with . or Enter, or press ? or * to list all spells.
Aiming: Sandblast (safe; 1% risk of failure)
Press: ? - help, Shift-Dir - straight line, f/p - orc warrior
Aim: an orc warrior, wielding a +0 glaive and wearing a cursed +0 plate armour (lightly wounded)
The blast of sand hits the orc warrior but does no damage.
The orc warrior is lightly wounded.
b - 66 stones The orc warrior hits you from afar with a +0 glaive!
Casting: Sandblast (safe; 1% risk of failure)
Confirm with . or Enter, or press ? or * to list all spells.
Aiming: Sandblast (safe; 1% risk of failure)
Press: ? - help, Shift-Dir - straight line, f/p - orc warrior
Aim: an orc warrior, wielding a +0 glaive and wearing a cursed +0 plate armour (lightly wounded)
Okay, then.
There is a stone staircase leading down here.
The orc warrior hits you from afar with a +0 glaive!!
Ouch! That really hurt!
You die...

## ############ ##.
...o..).o..#
...################.##
#......o....# ##...##
#.>###.####.####.....##
#..##.@.###............
#..#.#.#.##..###.....##
#####...##.##.#..####...##
........##.............##
######..##.##.#..####..#
#.#.#.#)##..# #...##
#.##...###..# #....#
#.###)####..# #..#.##
#...........# #.....#


You could see an orc warrior.

Vanquished Creatures
  Grinder (D:5)
  Eustachio (D:5)
  Menkaure (D:6)
  An ice beast (D:5)
  A sky beast (D:5)
  An ogre (D:5)
  Blork the orc (D:5)
  2 bullfrogs (Sewer)
  A scorpion (D:5)
  A howler monkey (D:5)
  A crimson imp (D:5)
  Crazy Yiuf (D:6)
  2 hounds (D:5)
  Jessica (D:3)
  4 orc wizards
  2 worker ants (D:4)
  2 howler monkey skeletons
  7 adders
  A shadow imp (D:5)
  An adder zombie (D:5)
  2 adder skeletons (D:5)
  3 dart slugs
  7 leopard geckos
  7 orcs
  6 ball pythons
  5 giant cockroaches
  2 goblins
  6 hobgoblins
  A jackal (D:1)
  3 bats
  10 frilled lizards
  4 kobolds
  3 rats
92 creatures vanquished.

Notes
Turn   | Place    | Note
-------+----------+-------------------------------------------
     0 | D:1      | Lavandula the Gargoyle Earth Elementalist began the quest
                  | for the Orb.
     0 | D:1      | Reached XP level 1. HP: 10/10 MP: 3/3
    26 | D:1      | Reached XP level 2. HP: 13/15 MP: 0/5
   388 | D:2      | Reached skill level 5 in Earth Magic
   388 | D:2      | Reached XP level 3. HP: 13/19 MP: 1/6
   393 | D:2      | Learned a level 3 spell: Stone Arrow
   746 | D:3      | Found a white marble altar of Elyvilon.
   746 | D:3      | Found a glowing golden altar of the Shining One.
   747 | D:3      | Found a glowing silver altar of Zin.
   787 | D:3      | Reached XP level 4. HP: 24/24 MP: 2/7
   859 | D:3      | Noticed Jessica
   864 | D:3      | Killed Jessica
  1190 | D:3      | Found a basalt altar of Yredelemnul.
  1191 | D:3      | Found a sacrificial altar of Ru.
  1276 | D:3      | Became a worshipper of Ru the Awakened
  1393 | D:4      | Reached XP level 5. HP: 28/28 MP: 3/8
  1797 | D:5      | Entered Level 5 of the Dungeon
  1818 | D:5      | Found a glowing drain.
  1826 | D:5      | Noticed Blork the orc
  1863 | D:5      | Killed Blork the orc
  1863 | D:5      | Reached XP level 6. HP: 17/32 MP: 0/9
  1889 | D:5      | Learned a level 5 spell: Lee's Rapid Deconstruction
  1946 | Sewer    | Entered a sewer
  2199 | Sewer    | Reached XP level 7. HP: 36/36 MP: 5/12
  2291 | D:5      | Gained mutation: You are somewhat unskilled. (-1 Apt) [Ru
                  | sacrifice]
  2291 | D:5      | Reached * piety under Ru
  2291 | D:5      | Reached ** piety under Ru
  2318 | D:5      | Noticed Eustachio
  2334 | D:5      | Killed Eustachio
  2482 | D:5      | Reached skill level 5 in Spellcasting
  2515 | D:5      | Reached XP level 8. HP: 37/41 MP: 5/16
  2546 | D:5      | Noticed Grinder
  2559 | D:5      | Paralysed by Grinder for 4 turns
  2564 | D:5      | Paralysed by Grinder for 5 turns
  2574 | D:5      | Killed Grinder
  2594 | D:5      | Found a hazy altar of Hepliaklqana.
  2600 | D:5      | Found a shadowy altar of Dithmenos.
  2653 | D:5      | Learned a level 4 spell: Summon Lightning Spire
  2660 | D:6      | Noticed Menkaure
  2664 | D:6      | Killed Menkaure
  2725 | D:6      | Found a runed translucent door.
  2726 | D:6      | Noticed Crazy Yiuf
  2731 | D:6      | Killed Crazy Yiuf
  2768 | D:6      | Reached skill level 1 in Fighting
  2787 | D:6      | Slain by an orc warrior

Skill      XL: |  1  2  3  4  5  6  7  8 |
---------------+-------------------------+-----
Earth Magic    | 4 5 6 8 7 |  7.6
Spellcasting   | 3 5 7 |  7.2
Fighting       | 1 |  1.3
Dodging        | |  1.3
Stealth        | |  2.0
Transmutations | |  0.6

Action                   |  1- 3 |  4- 6 |  7- 9 || total
-------------------------+-------+-------+-------++-------
Melee: Unarmed           |    46 |       |       ||    46
       Short sword       |     1 |    93 |     6 ||   100
       Rapier            |       |       |     5 ||     5
       Quarterstaff      |       |       |     1 ||     1
 Cast: Sandblast         |    18 |    33 |    33 ||    84
       Stone Arrow       |     7 |    15 |     7 ||    29
       Lee's Rapid Decon |       |       |     2 ||     2
Invok: Sacrifice Skill   |       |       |     1 ||     1
  Use: Scroll            |       |     8 |     3 ||    11
       Potion            |       |     2 |       ||     2
  Eat: Chunk             |       |     8 |     3 ||    11
Armor: Robe              |    12 |    35 |    14 ||    61
Dodge: Dodged            |    31 |    46 |    10 ||    87
Block: Other             |       |    20 |     8 ||    28
